 Dungeon Crawl Stone Soup version 0.31.0-9-g3a7656b989 (webtiles) character file.

Game seed: 17278648576934389756

78 SnakkuSnakku7 the Sneak (level 4, -1/32 (35) HPs)
             Began as a Formicid Delver on Jan 25, 2024.
             Was a Follower of Okawaru.
             Slain by Terence
             ... wielding a +0 trident
              (6 damage)
             ... on level 2 of the Dungeon.
             The game lasted 00:03:23 (1406 turns).

SnakkuSnakku7 the Sneak (Formicid Delver)           Turns: 1406, Time: 00:03:26

HP:   -1/32 (35)    AC:  8    Str: 18    XL:     4   Next: 61%
MP:   4/4           EV:  8    Int: 10    God:    Okawaru [*.....]
Gold: 173           SH:  0    Dex: 15    Spells: 3/3 levels left

rFire   + . .        a - +0 mace
rCold   . . .        (no shield)
rNeg    . . .        m - +0 chain mail
rPois   .            (helmet unavailable)
rElec   .            (no cloak)
rCorr   .            (no gloves)
SInv    +            (no boots)
Will    .....        (no amulet)
Stlth   +            j - ring of protection from fire
HPRegen 0.25/turn    (no ring)
MPRegen 0.09/turn

%: no passive effects
@: drained
A: permanent stasis, dig shafts and tunnels, antennae 3, four strong arms
a: Dig, Shaft Self, Renounce Religion, Heroism


You were on level 2 of the Dungeon.
You worshipped Okawaru.
Okawaru was aware of your devotion.
You visited 1 branch of the dungeon, and saw 5 of its levels.
You also visited: Sewer.

You collected 173 gold pieces.

Inventory:

Hand Weapons
 a - a +0 mace (weapon)
Missiles
 i - 3 silver javelins
Armour
 b - a +0 leather armour
 m - a +0 chain mail (worn)
Jewellery
 j - a ring of protection from fire (left hand)
Wands
 f - a wand of digging (3)
Scrolls
 c - a scroll of fog
 e - a scroll of fear
 g - 2 scrolls of identify {unknown}
Potions
 d - a potion of heal wounds {unknown}
 h - 2 potions of lignification {unknown}
 k - 2 potions of mutation {unknown}
 l - 2 potions of enlightenment {unknown}


   Skills:
 - Level 3.2 Fighting
 + Level 4.5 Maces & Flails
 - Level 1.7 Dodging
 - Level 6.0 Stealth


You had 3 spell levels left.
You didn't know any spells.
Your spell library contained the following spells:

 Spells                   Type           Power      Damage    Failure   Level
 Magic Dart               Conj           0%         1d3       99%         1
 Searing Ray              Conj           0%         2d4       99%         2
 Fulminant Prism          Conj/Alch      0%         3d5       100%        4


Dungeon Overview and Level Annotations

Branches:
Dungeon (5/15)              Sewer (visited)
 Temple: D:4-7

Altars:
Okawaru

Shops:
D:2 (

Annotations:
D:2 Terence


Innate Abilities, Weirdness & Mutations

You cannot be hasted, slowed, berserked, paralysed or teleported.
You can dig through walls and to a lower floor.
You have a pair of large antennae on your head. (SInv)
Your four strong arms can wield two-handed weapons with a shield.


Message History

You see here a +0 short sword.
You now have 173 gold pieces (gained 15).
Terence the Incautious comes into view.
He is wielding a +0 trident.
Terence shouts!
Terence is nearby!
Terence is nearby!
A hobgoblin comes into view.
The hobgoblin shouts!
Terence closely misses you.
You hit Terence.
Terence is lightly wounded.
Terence hits you with a +0 trident.
You hit Terence.
Terence is moderately wounded.
Terence hits you but does no damage.
You sock Terence!
Terence is severely wounded.
Terence hits you with a +0 trident. x2; The hobgoblin closely misses you.
You barely miss Terence.
Terence is severely wounded.
Terence hits you with a +0 trident. The hobgoblin closely misses you.
You hit Terence.
Terence is severely wounded.
Terence hits you with a +0 trident. The hobgoblin hits you.
You hit Terence.
Terence is almost dead.
Terence completely misses you. The hobgoblin barely misses you.
You closely miss Terence.
Terence is almost dead.
The hobgoblin hits you but does no damage.
Terence hits you with a +0 trident!
You barely miss Terence.
Terence is almost dead.
The hobgoblin hits you but does no damage.
Terence hits you with a +0 trident.
* * * LOW HITPOINT WARNING * * *
The hobgoblin hits you but does no damage.
Terence hits you with a +0 trident.
You die...
Terence says, "Time to find some more victims."

.... . ##.# .## #.# ...
...#####.# #.. ....(..... ##
##.## #.####..# #...##... ...#
#.## #...g@# #..# #.## #.#... #@#
#. #..# #.## #.##.# #.# #. #..#
#..# #.##.# #.# #. #..# ##.#
#.##.# #.# #.##..####.. # #.##.#
#.# #....[.....# ## #.##.#
#.######.......^.. .## #.##.#
#.##.............#
..######.##.####.##.....#########
..##....................#


You could see Terence and a hobgoblin.

Vanquished Creatures
  Robin (D:2)
  An adder (D:2)
  4 dart slugs
  4 ball pythons
  3 bats
  3 giant cockroaches (D:1)
  9 goblins
  2 hobgoblins
  8 jackals
  A quokka (D:1)
  2 frilled lizards
  3 kobolds
  6 rats
47 creatures vanquished.

Notes
Turn   | Place    | Note
-------+----------+-------------------------------------------
     0 | D:5      | SnakkuSnakku7 the Formicid Delver began the quest for the
                  | Orb.
     0 | D:5      | Reached XP level 1. HP: 18/18 MP: 1/1
    52 | D:4      | Noticed a gnoll bouda
    62 | D:4      | Noticed a bombardier beetle
   137 | D:3      | Found a glowing drain.
   163 | Sewer    | Entered a sewer
   175 | Sewer    | Noticed a brain worm
   248 | D:2      | Found Ebeuz's Weapon Emporium.
   342 | D:1      | Reached XP level 2. HP: 24/24 MP: 2/2
   351 | D:1      | Found a faded altar of an unknown god.
   408 | D:1      | Prayed at the altar of an unknown god.
   408 | D:1      | Became a worshipper of Warmaster Okawaru
   408 | D:1      | Reached * piety under Okawaru
   546 | D:1      | Reached XP level 3. HP: 25/29 MP: 3/3
  1205 | D:2      | Reached XP level 4. HP: 35/35 MP: 4/4
  1210 | D:2      | Noticed Robin
  1224 | D:2      | Killed Robin
  1395 | D:2      | Noticed Terence
  1406 | D:2      | Slain by Terence

Illustrated notes

Levels and vault maps discovered:
D:1:      onia_arrival_pyramid, layout_basic, dreamdust_ecumenical_altar_grove
D:2:      layout_loops_ring, serial_shops, nicolae_shop_bloodbath_and_beyond,
          kennysheep_generic_room_8, uniq_terence, uniq_robin
D:3:      layout_basic, portal_sewer_entry_b, nicolae_shop_vocational
D:4:      layout_cave_pools, dk_noncrumbling_2, grunt_decor_clamped
D:5:      layout_gridville, mainiacjoe_overflow_alcove_4

Skill      XL: |  1  2  3 |
---------------+----------+-----
Maces & Flails | 3 4 |  4.5
Fighting       | |  3.2
Dodging        | |  1.7
Stealth        | |  6.0

Action                     |  1- 3 |  4- 6 || total
---------------------------+-------+-------++-------
  Melee: Mace              |   118 |    43 ||   161
         Punch             |     2 |     1 ||     3
Ability: Dig               |     1 |     1 ||     2
    Use: Scroll            |     1 |       ||     1
   Stab: Sleeping          |     9 |       ||     9
 Armour: Leather armour    |    79 |       ||    79
         Chain mail        |     2 |    41 ||    43
  Dodge: Dodged            |   104 |    20 ||   124
